 Dungeon Crawl Stone Soup version 0.23.2-40-g277498a (webtiles) character file.

Game seed: 15744473445714882122

94 Fang the Skirmisher (level 4, 0/29 HPs)
             Began as a Gargoyle Berserker on Oct 18, 2019.
             Was a Believer of Trog.
             Killed from afar by an orc wizard (5 damage)
             ... with a magic dart
             ... on level 3 of the Dungeon.
             The game lasted 00:02:02 (2471 turns).

Fang the Skirmisher (Gargoyle Berserker)            Turns: 2471, Time: 00:02:03

Health: 0/29       AC:  5    Str: 21    XL:     4   Next: 63%
Magic:  4/4        EV: 12    Int:  8    God:    Trog [**....]
Gold:   91         SH:  0    Dex:  9    Spells: 3/3 levels left

rFire    . . .     SeeInvis .   a - +0 hand axe
rCold    . . .     Gourm    .   (no shield)
rNeg     + . .     Faith    .   b - +0 animal skin
rPois    ∞         Spirit   .   (no helmet)
rElec    +         Reflect  .   (no cloak)
rCorr    .         Harm     .   (no gloves)
MR       ++...                  (no boots)
Stlth    +.........             (no amulet)
HPRegen  1.09/turn              (no ring)
MPRegen  0.09/turn              (no ring)

@: berserk cooldown, regenerating
A: negative energy resistance 1, electricity resistance, unbreathing,
petrification resistance, rot immunity, AC +3
a: Berserk, Trog's Hand, Renounce Religion


You were on level 3 of the Dungeon.
You worshipped Trog.
Trog was pleased with you.
You were very hungry.

You visited 1 branch of the dungeon, and saw 3 of its levels.

You collected 91 gold pieces.

Inventory:

Hand Weapons
 a - a +0 hand axe (weapon)
Armour
 b - a +0 animal skin (worn)
Jewellery
 g - a cursed ring of teleportation {unknown}
 h - an uncursed amulet of the gourmand {unknown}
 l - an uncursed ring of poison resistance {unknown}
Scrolls
 d - 5 scrolls of identify {unknown}
 i - 3 scrolls of teleportation {unknown}
 k - a scroll of remove curse {unknown}
 n - a scroll of amnesia {unknown}
Potions
 e - a potion of might {unknown}
 f - 3 potions of brilliance {unknown}
 j - a potion of curing {unknown}
 m - a potion of cancellation {unknown}
 o - a potion of agility {unknown}
Comestibles
 c - 2 rations
 p - 2 chunks of flesh


   Skills:
 + Level 4.0 Fighting
 + Level 3.3 Axes
 + Level 3.2 Armour
 + Level 2.3 Dodging


You had 3 spell levels left.
You didn't know any spells.
Your spell library was empty.

Dungeon Overview and Level Annotations

Branches:
Dungeon (3/15)

Altars:
Hepliaklqana
Kikubaaqudgha
Qazlal
Sif Muna
The Shining One


Innate Abilities, Weirdness & Mutations

You are resistant to torment.
Your stone body is resilient. (AC +3)
You are immune to poison.
You resist negative energy. (rN+)
You are resistant to electric shocks. (rElec)
You can survive without breathing.
You are immune to petrification.
You are immune to rotting.


Message History

You feel somewhat more hungry.
The orc wizard gestures wildly while chanting.
The orc wizard blinks!
You swing at nothing.
The orc wizard casts a spell.
The orc wizard blinks!
You closely miss the orc wizard.
The orc wizard points at you and mumbles some strange words.
The magic dart hits you.
* * * LOW HITPOINT WARNING * * *
The orc wizard barely misses you.
You barely miss the orc wizard.
The orc wizard is severely wounded.
You feel yourself speed up.
The orc wizard hits you with a +0 dagger.
* * * LOW HITPOINT WARNING * * *
The orc wizard hits you but does no damage.
The orc wizard gestures at you while chanting.
The magic dart hits you.
You die...

###..#.# #...>#÷#
######....#.#
#...........#######
#.####..##........#
#. #..##.######.#
###.## #..##.#
#._..###..##.#
####...@o##..##.#
.......).....##.#
####.....##.###.#
##...###.# #.#
##.####.###.#######
........#..........
###.....(....#######
########.### ####
#############.# #...


You could see an orc wizard.

Vanquished Creatures
  3 adders
  A worm (D:2)
  3 dart slugs
  3 leopard geckos
  2 orcs (D:3)
  2 bats
  6 hobgoblins
  4 jackals
  10 kobolds
  7 frilled lizards
  5 goblins
  9 rats
55 creatures vanquished.

Notes
Turn   | Place    | Note
-------+----------+-------------------------------------------
     0 | D:1      | Fang the Gargoyle Berserker began the quest for the Orb.
     0 | D:1      | Reached XP level 1. HP: 14/14 MP: 1/1
    38 | D:1      | Reached XP level 2. HP: 12/19 MP: 2/2
   871 | D:1      | Reached ** piety under Trog
   871 | D:1      | Reached XP level 3. HP: 14/23 MP: 3/3
  1713 | D:2      | Found an ancient bone altar of Kikubaaqudgha.
  1751 | D:2      | Reached XP level 4. HP: 23/29 MP: 4/4
  2063 | D:2      | Found a deep blue altar of Sif Muna.
  2064 | D:2      | Found a glowing golden altar of the Shining One.
  2065 | D:2      | Found a stormy altar of Qazlal.
  2160 | D:3      | Reached skill level 4 in Fighting
  2444 | D:3      | Found a hazy altar of Hepliaklqana.
  2471 | D:3      | Killed from afar by an orc wizard

Skill      XL: |  1  2  3  4 |
---------------+-------------+-----
Axes           | 3 |  3.3
Dodging        | 2 |  2.3
Armour         | 3 |  3.2
Fighting       | 4 |  4.0

Action                   |  1- 3 |  4- 6 || total
-------------------------+-------+-------++-------
Melee: Hand axe          |   121 |    75 ||   196
Invok: Berserk           |     1 |     1 ||     2
       Trog's Hand       |       |     1 ||     1
  Eat: Chunk             |     3 |     3 ||     6
Armor: Animal skin       |    42 |    32 ||    74
Dodge: Dodged            |    92 |    43 ||   135
